[Event "Blixt-SM 2021"]
[Site "Elite Hotel Marina Plaza, Kungstorget 6, Helsingborg, Sweden"]
[Date "2021.11.14"]
[Round "8.4"]
[White "Nilsson, Patrik"]
[Black "Wellevit, Tomas"]
[Result "1-0"]
[TimeControl "3 minutes + 2 seconds per move."]
[WhiteFideId "1708171"]
[BlackFideId "1731963"]
[WhiteElo "2143"]
[BlackElo "2113"]

1. d4 d5 2. Bf4 Nf6 3. e3 e6 4. Nd2 Bd6 5. Bg3 O-O 6. Bd3 c5 7. c3 Nc6 8. Ngf3 b6 9. Qe2 Bb7 10. Rd1 Re8 11. Ne5 Qc7 12. f4 Be7 13. f5 Nxe5 14. Bxe5 Qd7 15. fxe6 Qxe6 16. O-O Ne4 17. Nxe4 dxe4 18.
Bc4 Bd5 19. b3 f6 20. Bg3 Rad8 21. Bxd5 Qxd5 22. c4 Qg5 23.
d5 Bd6 24. Bxd6 Rxd6 25. Qf2 Re5 26. Qf4 Qxf4 27. Rxf4 g6 28.
Rdf1 f5 29. g4 fxg4 30. Rf8+ Kg7 31. R1f7+ Kh6 32. Rxa7 Rf5 33.
Rff7 Rxf7 34. Rxf7 g5 35. Re7 Kg6 36. Rxe4 Kf5 37. Re8 h5 38. e4+ Kf4 39. e5 Rd7 40. e6 Rg7 41. d6 Ke5 42. d7 1-0

[Event "Blixt-SM 2021"]
[Site "Elite Hotel Marina Plaza, Kungstorget 6, Helsingborg, Sweden"]
[Date "2021.11.14"]
[Round "10.2"]
[White "Kucuksari, Kaan"]
[Black "Jepson, Christian"]
[Result "1-0"]
[TimeControl "3 minutes + 2 seconds per move."]
[WhiteTitle "FM"]
[BlackTitle "IM"]
[WhiteFideId "6380166"]
[BlackFideId "1701185"]
[WhiteElo "2301"]
[BlackElo "2412"]

1. d4 d6 2. Nf3 Nf6 3. c4 g6 4. Nc3 Bf5 5. g3 Ne4 6. Bg2 Nxc3 7. bxc3 Be4 8. h4 Bg7 9. h5 c5 10. h6 Bf6 11. O-O Nc6 12. Be3 b6 13. d5 Na5 14.
Ne5 Bxe5 15. Bxe4 O-O 16. Qd3 Qd7 17. a4 Qg4 18. Kg2 f5 19. Bf3 Qxc4 20. Qd1 f4 21. Bd2 fxg3 22. fxg3 Nb3 23. Rb1 Nxd2 24. Qxd2 Qxc3 25. Qg5 Bf6 26. Qg4 Qe5 27. Rh1 Rf7 28. Rbc1 Raf8 29. Rc4 Qg5 30.
Qe6 Be5 31. Rg4 Qf5 32. Qxf5 Rxf5 33.
Rb1 Rh5 34. a5 bxa5 35. Rb7 Bf6 36. Ra4 Rxh6 37. Rxa5 Kf7 38. Raxa7 Rd8 39. Ra4 g5 40. Re4 Be5 41. Bg4 Rf6 42. Be6+ Kf8 43. Rg4 h6 44.
e3 Ra8 45. Re4 Ra2+ 46. Kh3 h5 47. Rb8+ Kg7 48. Rg8+ Kh6 49. Rh8+ Kg6 50. Rg8+ Kh7 51. Rxg5 Rff2 52. Rxh5+ Kg6 53. Kg4 Rg2 54. Rg5+ Kh6 55. Rh5+ Kg6 56. Rg5+ Kh6 57. Kh4 Rh2+ 58. Kg4 Rag2 59. Rexe5 dxe5 60. Rxe5 Kg7 61. Rf5 Rf2 62. Rg5+ Kf6 63. Rg8 Ke5 64. Re8 Kd6 65. Rd8+ Ke5 66. Rd7 Kf6 67. Rc7 Rc2 68. Rc8 Rc4+ 69. Kf3 Rc3 70. Rf8+ Ke5 71. Re8 Rh7 72. g4 Rg7 73. Rc8 c4 74. Ke2 Ke4 75. Kd2 Rd3+ 76. Kc2 Rxe3 77. Rxc4+ Ke5 78. Rc7 Re4 79. Kd3 Rd4+ 80.
Ke3 Rxd5 81. Bxd5 Kxd5 82. Rd7+ Ke6 83. Rd4 Ke5 84. Re4+ Kf6 85. Rf4+ Ke5 86. Rf5+ Ke6 87. Kf4 Rg8 88. g5 Rg7 89. Rf8 Kd7 90. Kf5 Kd6 91. Rd8+ Kc7 92.
Rd1 Rf7+ 93. Ke6 Rg7 94. Kf5 Kc6 95. Rd2 Kc7 96. g6 Kc8 97. Rd1 Kc7 98. Rd3 Kc8 99. Rh3 Kd7 100. Rh8 Kd6 101. Kg5 e5 102. Kf6 Rd7 103. g7 Kd5 1-0